 Dungeon Crawl Stone Soup version 0.23.2-1-ga50397a6bc (webtiles) character file.

Game seed: 15879934226451033771

134761 Peloso the Peltast (level 16, -8/146 (147) HPs)
             Began as a Minotaur Fighter on Apr 27, 2019.
             Was the Champion of Okawaru.
             Splashed by an oklob plant's acid (14 damage)
             ... on level 6 of the Lair of Beasts.
             The game lasted 01:21:28 (28845 turns).

Peloso the Peltast (Minotaur Fighter)              Turns: 28845, Time: 01:21:34

HP:   -8/146 (147)  AC: 10    Str: 37    XL:     16   Next: 62%
MP:   16/16         EV: 12    Int:  5    God:    Okawaru [******]
Gold: 1595          SH: 28    Dex: 11    Spells: 15/15 levels left

rFire    . . .     SeeInvis +   a - +9 double sword of Reapportionment {slice, rC+}
rCold    + + .     Gourm    .   c - +2 large shield {rC+}
rNeg     . . .     Faith    .   J - +1 chain mail of the Valley {Str+2}
rPois    .         Spirit   .   t - +0 hat {SInv}
rElec    .         Reflect  .   q - +1 cloak {+Inv}
rCorr    .         Harm     .   N - +1 pair of gloves {Str+3}
MR       +....                  (no boots)
Stlth    ..........             v - amulet of regeneration
HPRegen  0.74/turn              p - +5 ring of strength
MPRegen  0.15/turn              d - +3 ring of protection

@: corroded, very slightly contaminated
A: retaliatory headbutt, horns 2
a: Heroism, Finesse, Renounce Religion, Evoke Invisibility


You were on level 6 of the Lair of Beasts.
You worshipped Okawaru.
Okawaru was exalted by your worship.
You were not hungry.

You visited 4 branches of the dungeon, and saw 24 of its levels.
You also visited: Ice Cave.

You collected 2499 gold pieces.
You spent 904 gold pieces at shops.

Inventory:

Hand Weapons
 a - the +9 double sword of Reapportionment (weapon) {slice, rC+}
   (Okawaru gifted it to you on level 2 of the Orcish Mines)

   It inflicts extra damage upon your enemies.
   It protects you from cold.
 b - the +7 scimitar of Huemm {drain, rElec Str+4}
   (You bought it in a shop on level 2 of the Orcish Mines)

   A truly terrible weapon, it drains the life of those it strikes.
   It affects your strength (+4).
   It insulates you from electricity.
 s - a +4 scimitar of flaming
 B - a +2 demon blade of draining
 M - the +6 falchion of Fortitude {drain, +Inv rPois rC- rN++}
   (Okawaru gifted it to you on level 14 of the Dungeon)

   A truly terrible weapon, it drains the life of those it strikes.
   It makes you vulnerable to cold.
   It protects you from poison.
   It greatly protects you from negative energy.
   It lets you turn invisible.
Armour
 c - a +2 large shield of cold resistance (worn)
 q - a +1 cloak of invisibility (worn)
 t - a +0 hat of see invisible (worn)
 w - +0 storm dragon scales
 J - the +1 chain mail of the Valley (worn) {Str+2}
   (You found it on level 9 of the Dungeon)

   It affects your strength (+2).
 N - a +1 pair of gloves of strength (worn)
Jewellery
 d - a +3 ring of protection (right hand)
 p - a +5 ring of strength (left hand)
 v - an amulet of regeneration (around neck)
 E - an uncursed ring of fire
 H - a +2 ring of strength
 I - an uncursed ring of flight
Wands
 n - a wand of flame (18)
 y - a wand of acid (15)
 L - a wand of iceblast (19)
Scrolls
 g - 18 scrolls of remove curse
 j - 2 scrolls of fear
 m - a scroll of enchant armour
 r - 6 scrolls of teleportation
 x - 5 scrolls of magic mapping
 P - a scroll of silence
Potions
 e - 3 potions of might
 i - 3 potions of curing
 k - 7 potions of flight
 o - 6 potions of haste
 u - 3 potions of resistance
 A - a potion of berserk rage
 C - 2 potions of mutation
 D - a potion of magic
 F - 3 potions of heal wounds
 G - 2 potions of ambrosia
 K - 2 potions of brilliance {unknown}
 O - 3 potions of cancellation {unknown}
Miscellaneous
 h - a crystal ball of energy
Comestibles
 f - 34 rations


   Skills:
 + Level 14.8 Fighting
 + Level 16.9 Long Blades
 + Level 14.9 Armour
 + Level 7.4 Dodging
 + Level 2.7 Stealth
 + Level 20.6 Shields
 + Level 1.5 Invocations
 + Level 1.2 Evocations


You had 15 spell levels left.
You didn't know any spells.
Your spell library contained the following spells:

 Spells                   Type           Power        Failure   Level  Hunger
 Animate Skeleton         Necr           N/A          94%         1    ##.....
 Apportation              Tloc           #.....       94%         1    ##.....
 Confusing Touch          Hex            #.....       94%         1    ##.....
 Magic Dart               Conj           #...         94%         1    ##.....
 Summon Small Mammal      Summ           #...         94%         1    ##.....
 Blink                    Tloc           N/A          98%         2    ###....
 Searing Ray              Conj           #.....       98%         2    ###....
 Shroud of Golubria       Chrm/Tloc      #.........   98%         2    ###....
 Dazzling Spray           Conj/Hex       #.....       100%        3    ####...
 Gell's Gravitas          Tloc           #.........   100%        3    ####...
 Lesser Beckoning         Tloc           #.........   100%        3    ####...
 Teleport Other           Tloc           #.......     100%        3    ####...
 Force Lance              Conj/Tloc      #.......     100%        4    #####..
 Fulminant Prism          Conj/Hex       #.........   100%        4    #####..
 Iskenderun's Mystic Bla  Conj           #.......     100%        4    #####..
 Passage of Golubria      Tloc           N/A          100%        4    #####..


Dungeon Overview and Level Annotations

Branches:
Dungeon (15/15)            Temple (1/1) D:7            Lair (6/6) D:8
 Shoals (0/4) Lair:4        Snake (0/4) Lair:4        Slime (0/5) Lair:6
    Orc (2/2) D:10            Elf (0/3) Orc:2        Vaults (0/5) D:14
 Depths (0/5) D:15

Altars:
Ashenzari
Cheibriados
Dithmenos
Elyvilon
Fedhas
Gozag
Hepliaklqana
Kikubaaqudgha
Makhleb
Nemelex Xobeh
Okawaru
Qazlal
Ru
Sif Muna
Trog
Uskayaw
Vehumet
Wu Jian
Xom
Yredelemnul
Zin
The Shining One
Beogh

Shops:
D:10 *   Orc:2 (![=

Annotations:
Lair:6 exclusion: 4 oklob plants


Innate Abilities, Weirdness & Mutations

You reflexively headbutt those who attack you in melee.
You have a pair of horns on your head.


Message History

You destroy the oklob plant!
Okawaru accepts your kill. The oklob plant spits acid at you.
The splash of acid hits you!
* * * LOW HITPOINT WARNING * * *
The acid corrodes you!
You are splashed with acid!
* * * LOW HITPOINT WARNING * * *
The oklob plant spits acid at you.
The splash of acid hits you but does no damage.
You are splashed with acid!
* * * LOW HITPOINT WARNING * * *
Blink to where?
Press: ? - help, Dir - move target cursor You are very lightly contaminated with residual magic.
As you read the scroll of blinking, it crumbles to dust.
The oklob plant spits acid at you. The splash of acid hits you!
* * * LOW HITPOINT WARNING * * *
The acid corrodes you!
You are splashed with acid!
You die...

#########
###..@....#####
#.............###
#....##.....ยง..P#
#.....###....PP.#
##.....####.P.>..#####
#......## ##....###..#
###.....## ###.## ##..
#......#### ## #...
####......### #...


You could see an oklob plant.

Vanquished Creatures
  Gastronok (D:9)
  A storm dragon (D:12)
  A frost giant (IceCv)
  An orc warlord (Orc:2)
  2 entropy weavers (Lair:5)
  A deep elf annihilator (D:12)
  A fire dragon (Lair:6)
  Harold (Orc:1)
  An ice dragon (D:15)
  7 hydras
  3 centaur warriors
  5 tengu warriors
  5 ogre magi
  A queen ant (Lair:5)
  5 death yaks (Lair:6)
  24 two-headed ogres
  Urug (D:13)
  10 skeletal warriors
  A death drake (shapeshifter) (D:15)
  A swamp dragon (Lair:6)
  A glowing orange brain (D:15)
  2 unseen horrors
  An orange crystal statue (D:13)
  3 deep elf magi
  An orc knight (Orc:1)
  5 oklob plants
  2 wolf spiders (Lair:6)
  A manticore (D:11)
  13 ugly things
  6 cyclopes
  A moth of wrath (shapeshifter) (D:15)
  A guardian serpent (Lair:6)
  6 elephants (Lair:5)
  An elephant (shapeshifter) (D:12)
  5 black mambas (Lair:6)
  2 ice statues
  24 spiny frogs
  4 gargoyles
  2 rime drakes (Lair:6)
  2 kobold demonologists
  An efreet (D:12)
  5 komodo dragons
  A yaktaur (D:14)
  2 ice devils (Lair:4)
  A queen bee (Lair:1)
  16 polar bears
  5 trolls
  28 blink frogs
  5 hornets
  Grinder (D:3)
  10 slime creatures
  8 dream sheep
  A hippogriff (shapeshifter) (D:15)
  11 hippogriffs
  A centaur simulacrum (D:15)
  2 redbacks (Lair:6)
  A shadow (D:14)
  A vampire (D:12)
  A spriggan (D:9)
  49 yaks
  Sigmund (D:5)
  Eustachio (D:5)
  12 wyverns
  A human (shapeshifter) (D:15)
  16 humans
  4 basilisks
  A basilisk (shapeshifter) (D:15)
  2 vampire mosquitoes (D:14)
  2 steam dragons (Lair:6)
  3 wargs
  2 nagas (Lair:4)
  5 soldier ants
  3 acid dragons
  21 water moccasins
  8 porcupines
  22 orc warriors
  A sky beast (D:13)
  5 ice beasts
  A black bear (D:12)
  3 necrophages
  An eye of draining (D:15)
  5 phantoms
  15 wolves
  34 ogres
  12 centaurs
  12 crocodiles
  7 big kobolds
  23 bullfrogs
  A gnoll sergeant (D:10)
  A wyvern skeleton (D:11)
  A water moccasin skeleton (D:6)
  3 scorpions
  A scorpion (shapeshifter) (D:15)
  32 killer bees
  18 wights
  2 electric eels (D:8)
  7 howler monkeys
  7 crimson imps
  21 orc priests
  7 centaur zombies
  A quasit (D:7)
  Crazy Yiuf (D:2)
  3 bullfrog zombies
  10 jellies
  4 centaur skeletons
  9 hounds
  21 orc wizards
  8 bullfrog skeletons
  6 iguanas
  29 worker ants
  2 killer bee zombies
  2 hound zombies (D:6)
  A hound skeleton (D:6)
  Robin (D:3)
  A howler monkey zombie (D:6)
  A worker ant zombie (D:11)
  2 howler monkey skeletons
  5 gnolls
  17 adders
  6 shadow imps
  3 oozes
  2 adder skeletons
  An adder zombie (D:6)
  3 worms
  5 dart slugs
  5 leopard geckos
  69 orcs
  8 giant cockroaches
  21 goblins
  15 hobgoblins
  6 jackals
  24 kobolds
  11 quokkas
  2 ball pythons
  A ball python zombie (D:6)
  6 bats
  5 frilled lizards
  A giant cockroach zombie (D:6)
  2 jackal zombies
  A quokka zombie (D:6)
  6 rats
  2 bushes
  A fungus (D:2)
  A plant (Lair:1)
961 creatures vanquished.

Vanquished Creatures (others)
  A jelly (D:12)
  An iguana (Lair:6)
  10 fungi
  15 plants
27 creatures vanquished.

Grand Total: 988 creatures vanquished

Notes
Turn   | Place    | Note
-------+----------+-------------------------------------------
     0 | D:1      | Peloso the Minotaur Fighter began the quest for the Orb.
     0 | D:1      | Reached XP level 1. HP: 19/19 MP: 0/0
   139 | D:1      | Reached XP level 2. HP: 27/27 MP: 1/1
   255 | D:1      | Reached skill level 4 in Shields
   738 | D:2      | Found a sparkling altar of Nemelex Xobeh.
   741 | D:2      | Reached XP level 3. HP: 33/33 MP: 2/2
  1121 | D:2      | Reached XP level 4. HP: 36/41 MP: 3/3
  1750 | D:2      | Found a runed translucent door.
  1751 | D:2      | Noticed Crazy Yiuf
  1769 | D:2      | Killed Crazy Yiuf
  2283 | D:3      | Reached XP level 5. HP: 45/47 MP: 4/4
  2355 | D:3      | Noticed an ice beast
  2371 | D:3      | Killed an ice beast
  2371 | D:3      | Reached skill level 5 in Shields
  2595 | D:3      | Noticed Grinder
  2609 | D:3      | Paralysed by Grinder for 2 turns
  2613 | D:3      | Paralysed by Grinder for 2 turns
  2629 | D:3      | Reached skill level 5 in Armour
  2629 | D:3      | Paralysed by Grinder for 7 turns
  2641 | D:3      | Killed Grinder
  2641 | D:3      | Reached skill level 5 in Long Blades
  2641 | D:3      | Reached XP level 6. HP: 16/55 MP: 5/5
  2942 | D:3      | Noticed Robin
  2974 | D:3      | Killed Robin
  3303 | D:3      | Found a burning altar of Makhleb.
  3303 | D:3      | Found a shimmering altar of Xom.
  3307 | D:3      | Reached XP level 7. HP: 55/60 MP: 6/6
  3484 | D:4      | Reached skill level 1 in Dodging
  3562 | D:4      | Reached skill level 5 in Fighting
  3621 | D:4      | Found a snail-covered altar of Cheibriados.
  3792 | D:4      | Reached skill level 6 in Shields
  3863 | D:4      | Found a bloodstained altar of Trog.
  4124 | D:4      | Reached XP level 8. HP: 36/69 MP: 7/7
  4295 | D:5      | Entered Level 5 of the Dungeon
  4376 | D:5      | Found a sacrificial altar of Ru.
  4461 | D:5      | Noticed Sigmund
  4472 | D:5      | Killed Sigmund
  4472 | D:5      | Reached skill level 7 in Shields
  4698 | D:6      | Noticed Eustachio
  4709 | D:6      | Reached skill level 1 in Stealth
  4727 | D:5      | Killed Eustachio
  4896 | D:6      | Reached skill level 8 in Shields
  4904 | D:6      | Reached XP level 9. HP: 34/75 MP: 8/8
  4939 | D:6      | Found a deep blue altar of Sif Muna.
  5434 | D:6      | Reached skill level 9 in Shields
  5465 | D:6      | Found a blossoming altar of Fedhas.
  5801 | D:6      | Found a blossoming altar of Fedhas.
  6107 | D:7      | Found a radiant altar of Vehumet.
  6217 | D:7      | Found a staircase to the Ecumenical Temple.
  6229 | Temple   | Entered the Ecumenical Temple
  6393 | D:7      | Reached skill level 10 in Long Blades
  6420 | D:7      | Found an opulent altar of Gozag.
  6574 | D:6      | Found an iron altar of Okawaru.
  6582 | D:6      | Became a worshipper of Warmaster Okawaru
  6908 | D:8      | Noticed a two-headed ogre
  6999 | D:8      | Noticed a troll
  7012 | D:8      | Killed a troll
  7012 | D:8      | Reached XP level 10. HP: 60/86 MP: 9/9
  7047 | D:8      | Paralysed by a hornet for 3 turns
  7055 | D:8      | Reached * piety under Okawaru
  7065 | D:8      | Reached skill level 10 in Shields
  7207 | D:8      | Noticed a green ugly thing
  7568 | D:8      | Killed a green ugly thing
  7586 | D:8      | Found a staircase to the Lair.
  7623 | D:8      | Reached ** piety under Okawaru
  8291 | D:8      | Found a burning altar of Makhleb.
  8312 | D:8      | Found a shadowy altar of Dithmenos.
  8578 | D:8      | Killed a two-headed ogre
  8578 | D:8      | Reached *** piety under Okawaru
  8772 | D:9      | Got a faintly humming chain mail
  8783 | D:9      | Identified the cursed +1 chain mail of the Valley {Str+2}
                  | (You found it on level 9 of the Dungeon)
  8840 | D:9      | Noticed a two-headed ogre
  8856 | D:9      | Killed a two-headed ogre
  8856 | D:9      | Reached skill level 11 in Shields
  8890 | D:9      | Noticed Gastronok
  8936 | D:9      | Killed Gastronok
  8936 | D:9      | Reached **** piety under Okawaru
  8936 | D:9      | Reached skill level 10 in Armour
  8936 | D:9      | Reached skill level 1 in Invocations
  8936 | D:9      | Reached XP level 11. HP: 21/94 MP: 10/10
  8978 | D:9      | Found a stormy altar of Qazlal.
  8978 | D:9      | Noticed a white ugly thing
  9238 | D:9      | Killed a white ugly thing
  9585 | D:9      | Found a glowing silver altar of Zin.
  9839 | D:9      | Reached ***** piety under Okawaru
 10031 | D:10     | Entered Level 10 of the Dungeon
 10077 | D:10     | Found Iryopt's General Store.
 10084 | D:10     | Bought a scroll of fog for 26 gold pieces
 10089 | D:10     | Noticed a two-headed ogre
 10103 | D:10     | Killed a two-headed ogre
 10218 | D:10     | Found a staircase to the Orcish Mines.
 10222 | D:10     | Reached skill level 12 in Shields
 10329 | D:10     | Noticed a two-headed ogre
 10341 | D:10     | Killed a two-headed ogre
 10362 | D:10     | Noticed a two-headed ogre
 10374 | D:10     | Killed a two-headed ogre
 10564 | D:10     | Received a gift from Okawaru
 11031 | D:11     | Got a twisted war axe
 11040 | D:11     | Reached XP level 12. HP: 105/105 MP: 12/12
 11075 | D:11     | Received a gift from Okawaru
 11090 | D:11     | Identified the +10 war axe "Asetseko" {antimagic, rPois rC+
                  | Dex+4} (You found it on level 11 of the Dungeon)
 11988 | Lair:1   | Entered Level 1 of the Lair of Beasts
 12040 | Lair:1   | Reached skill level 13 in Shields
 12396 | Lair:1   | Reached skill level 10 in Fighting
 13303 | Lair:2   | Reached ****** piety under Okawaru
 13357 | Lair:2   | HP: 4/106 [blink frog (11)]
 13362 | Lair:2   | HP: 3/106 [poisoned by a spiny frog]
 13370 | Lair:2   | HP: 3/106 [poisoned by a spiny frog]
 13524 | Lair:2   | Received a gift from Okawaru
 13541 | Lair:2   | Got a crude triple sword {god gift}
 14670 | Lair:3   | Noticed a four-headed hydra
 14834 | D:12     | Noticed a two-headed ogre
 14836 | D:12     | Reached skill level 14 in Shields
 14847 | D:12     | Noticed a tengu warrior
 14856 | D:12     | Killed a two-headed ogre
 14857 | D:12     | Noticed a two-headed ogre
 14862 | D:12     | Found a large runed translucent door.
 14862 | D:12     | Found a large runed translucent door.
 15071 | D:12     | Reached XP level 13. HP: 114/114 MP: 13/13
 15142 | D:12     | Received a gift from Okawaru
 15157 | D:12     | Reached skill level 5 in Dodging
 15181 | D:12     | Noticed a deep elf annihilator
 15220 | D:12     | Noticed a storm dragon
 16237 | Lair:2   | Received a gift from Okawaru
 16665 | Lair:3   | Found the +2 ratskin cloak {+Rats rPois rN+ Str-1 Int-1
                  | Dex+1}
 16705 | Lair:3   | Reached skill level 15 in Shields
 17146 | Lair:4   | Found a frozen archway.
 17245 | IceCv    | Entered an ice cave
 17277 | IceCv    | Identified the +1 triple sword "Xyboexet" {flame, MR+ Int+3
                  | Stlth-} (Okawaru gifted it to you on level 2 of the Lair of
                  | Beasts)
 17305 | IceCv    | Reached skill level 15 in Long Blades
 17322 | IceCv    | Received a gift from Okawaru
 17891 | IceCv    | Noticed a frost giant
 17921 | IceCv    | Killed a frost giant
 17921 | IceCv    | Reached skill level 1 in Evocations
 17921 | IceCv    | Reached XP level 14. HP: 115/126 MP: 11/14
 18021 | IceCv    | Got an iridescent great sword
 18032 | IceCv    | Identified the +7 great sword "Oshi Rae" {slice, rC+} (You
                  | found it in an ice cave)
 18170 | Lair:4   | Received a gift from Okawaru
 18315 | Lair:4   | Found a staircase to the Snake Pit.
 18416 | Lair:4   | Found a staircase to the Shoals.
 18422 | Lair:4   | Found a white marble altar of Elyvilon.
 19448 | Lair:5   | Reached skill level 16 in Shields
 20184 | Lair:6   | Entered Level 6 of the Lair of Beasts
 20216 | Lair:6   | Received a gift from Okawaru
 20368 | Lair:6   | Noticed an entropy weaver
 20419 | Lair:5   | Killed an entropy weaver
 20607 | Lair:6   | Noticed an entropy weaver
 20694 | Lair:5   | Killed an entropy weaver
 20985 | Lair:6   | Reached skill level 17 in Shields
 21340 | Lair:6   | Reached XP level 15. HP: 41/134 MP: 15/15
 21651 | Lair:6   | Received a gift from Okawaru
 22137 | Lair:6   | Reached skill level 18 in Shields
 22631 | D:13     | Found a blossoming altar of Fedhas.
 23342 | Orc:1    | Entered Level 1 of the Orcish Mines
 23382 | Orc:2    | Entered Level 2 of the Orcish Mines
 23568 | Orc:2    | Found a staircase to the Elven Halls.
 23585 | Orc:2    | Found a roughly hewn altar of Beogh.
 23884 | Orc:2    | Received a gift from Okawaru
 23897 | Orc:2    | Got an ancient double sword {god gift}
 23898 | Orc:2    | Identified the +9 double sword of Reapportionment {slice,
                  | rC+} (Okawaru gifted it to you on level 2 of the Orcish
                  | Mines)
 23929 | Orc:2    | Reached skill level 19 in Shields
 23971 | Orc:2    | Found Edeisum's Distillery.
 23971 | Orc:2    | Found Xateasch's Jewellery Boutique.
 23972 | Orc:2    | Found Jiuzabij's Antique Weapon Shop.
 23972 | Orc:2    | Found Hyqog's Antique Armour Shoppe.
 24007 | Orc:2    | Bought a pair of runed gloves for 277 gold pieces
 24024 | Orc:2    | Bought a pair of runed gloves for 277 gold pieces
 24035 | Orc:2    | Bought a brightly glowing scimitar for 324 gold pieces
 24036 | Orc:2    | Identified the +7 scimitar of Huemm {drain, rElec Str+4}
                  | (You bought it in a shop on level 2 of the Orcish Mines)
 24284 | Orc:1    | Noticed an orc warlord
 24313 | Orc:2    | Killed an orc warlord
 24603 | Orc:1    | Noticed Harold
 24615 | Orc:1    | Killed Harold
 24615 | Orc:1    | Received a gift from Okawaru
 25434 | D:12     | Killed a storm dragon
 25443 | D:12     | Found a snail-covered altar of Cheibriados.
 25450 | D:12     | Found a glowing silver altar of Zin.
 25590 | D:14     | Noticed Urug
 25653 | D:13     | Killed Urug
 25653 | D:13     | Reached XP level 16. HP: 106/145 MP: 16/16
 25834 | D:14     | Received a gift from Okawaru
 25838 | D:14     | Got a translucent falchion {god gift}
 25839 | D:14     | Identified the +6 falchion of Fortitude {drain, +Inv rPois
                  | rC- rN++} (Okawaru gifted it to you on level 14 of the
                  | Dungeon)
 26252 | D:14     | Found a gate to the Vaults.
 26420 | D:15     | Entered Level 15 of the Dungeon
 26582 | D:15     | Reached skill level 20 in Shields
 26880 | D:15     | Received a gift from Okawaru
 27589 | D:15     | Found a staircase to the Depths.
 28836 | Lair:6   | Found a staircase to the Slime Pits.
 28845 | Lair:6   | HP: 6/146 [oklob plant/splash of acid (12)]
 28845 | Lair:6   | Splashed by an oklob plant's acid

Skill      XL: |  1  2  3  4  5  6  7  8  9 10 11 12 13 14 15 16 |
---------------+-------------------------------------------------+-----
Fighting       | 4 5 6 7 8 9 10 12 13 14 | 14.8
Shields        | 4 5 6 8 9 11 12 14 15 17 19 20 | 20.6
Armour         | 4 5 6 7 8 10 12 13 14 | 14.9
Long Blades    | 3 5 7 8 10 12 13 14 15 16 | 16.9
Dodging        | 1 2 3 4 5 6 7 |  7.4
Stealth        | 1 2 |  2.7
Invocations    | 1 |  1.5
Evocations     | 1 |  1.2

Action                   |  1- 3 |  4- 6 |  7- 9 | 10-12 | 13-15 | 16-18 || total
-------------------------+-------+-------+-------+-------+-------+-------++-------
Melee: Long sword        |   116 |   205 |   212 |       |       |       ||   533
       Headbutt          |    21 |    47 |   104 |   255 |   411 |   101 ||   939
       Falchion          |       |       |   234 |   958 |       |       ||  1192
       Scimitar          |       |       |       |       |  1312 |     3 ||  1315
       Double sword      |       |       |       |       |    71 |   311 ||   382
Invok: Heroism           |       |       |       |     6 |     5 |       ||    11
Evoke: Wand              |       |       |     1 |     3 |     7 |       ||    11
  Use: Potion            |       |     1 |     3 |       |     1 |     1 ||     6
       Scroll            |       |       |     1 |    12 |    10 |     3 ||    26
  Eat: Chunk             |       |     8 |    13 |    20 |    31 |     8 ||    80
       Ration            |       |       |       |     2 |     1 |     1 ||     4
Armor: Scale mail        |     4 |       |       |       |       |       ||     4
       Chain mail        |    75 |    89 |   182 |   250 |   452 |    57 ||  1105
Dodge: Dodged            |    27 |    44 |   100 |   221 |   367 |    36 ||   795
Block: Shield            |    86 |   114 |   257 |   480 |   232 |       ||  1169
       Large shield      |       |       |       |       |  1399 |   316 ||  1715
       Rpst.: Long sword |     4 |     7 |    15 |       |       |       ||    26
       Falchion          |       |       |    11 |    52 |       |       ||    63
       Scimitar          |       |       |       |       |    67 |       ||    67
       Double sword      |       |       |       |       |     4 |     9 ||    13
